 Dungeon Crawl Stone Soup version 0.27-a0-1181-g5f64966fcc (webtiles) character file.

Game seed: 3761472854034331101

125 Strat the Skirmisher (level 5, 0/47 HPs)
             Began as a Ghoul Abyssal Knight on May 17, 2021.
             Was a Believer of Lugonu.
             Slain by Grinder the hellwing (8 damage)
             ... on level 3 of the Dungeon.
             The game lasted 00:05:35 (2687 turns).

Strat the Skirmisher (Ghoul Abyssal Knight)         Turns: 2687, Time: 00:05:35

Health: 0/47       AC:  8    Str: 17    XL:     5   Next: 9%
Magic:  5/5        EV:  9    Int:  7    God:    Lugonu [**....]
Gold:   144        SH:  0    Dex:  8    Spells: 4/4 levels left

rFire    . . .     SeeInvis .   a - +0 flail
rCold    + . .     Faith    .   (no shield)
rNeg     + + +     Spirit   .   c - +0 scale mail
rPois    ∞         Reflect  .   f - +2 hat
rElec    .         Harm     .   (no cloak)
rCorr    .         Rampage  .   (no gloves)
Will     .....                  (no boots)
Stlth    ..........             (no amulet)
HPRegen  0.00/turn              (no ring)
MPRegen  0.09/turn              (no ring)

@: no status effects
A: claws 1, cold resistance 1, negative energy resistance 3, inhibited
regeneration, torment resistance 2
a: Renounce Religion, Depart the Abyss, Bend Space


You were on level 3 of the Dungeon.
You worshipped Lugonu.
Lugonu was pleased with you.
You visited 1 branch of the dungeon, and saw 3 of its levels.
You visited the Abyss 1 time.

You collected 144 gold pieces.

Inventory:

Hand Weapons
 a - a +0 flail (weapon)
 q - a +1 mace
Missiles
 i - 18 stones
 j - 41 poisoned darts (quivered)
Armour
 b - a +0 leather armour
 c - a +0 scale mail (worn)
 f - a +2 hat (worn)
Jewellery
 k - a ring of wizardry
Wands
 o - a wand of polymorph (9)
Potions
 e - a potion of might
 h - a potion of cancellation {unknown}
 m - a potion of haste {unknown}
 p - a potion of heal wounds {unknown}


   Skills:
 + Level 4.7 Fighting
 * Level 3.6 Maces & Flails
 - Level 1.7 Armour
 - Level 0.8 Dodging
 - Level 2.0 Invocations


You had 4 spell levels left.
You didn't know any spells.
Your spell library contained the following spells:

 Spells                   Type           Power      Damage    Failure   Level
 Animate Skeleton         Necr           0%         N/A       85%         1
 Apportation              Tloc           0%         N/A       85%         1
 Corona                   Hex            0%         N/A       85%         1
 Summon Small Mammal      Summ           0%         N/A       85%         1


Dungeon Overview and Level Annotations

Branches:
Dungeon (3/15)

Altars:
Ashenzari

Annotations:
D:3 Grinder


Innate Abilities, Weirdness & Mutations

You thrive by killing the living.
You are immune to poison.
You have sharp fingernails.
Your flesh is cold resistant. (rC+)
You are immune to negative energy. (rN+++)
You do not regenerate when monsters are visible.
You are immune to unholy pain and torment.


Message History

You aren't carrying any scrolls.
Grinder swoops through the air toward you!
Grinder hits you! Grinder closely misses you.
Grinder says, "At least Makhleb appreciates what I'm doing."
Grinder swoops through the air toward you!
Grinder hits you but does no damage. Grinder closely misses you.
Grinder swoops through the air toward you!
Grinder hits you but does no damage. Grinder hits you.
You feel your willpower return.
You hit Grinder but do no damage. Grinder hits you but does no damage. x2
Grinder says, "There's only one good use for a tongue: cutting it out."
You closely miss Grinder. Grinder completely misses you. Grinder hits you.
* * * LOW HITPOINT WARNING * * *
Unknown command.
Grinder swoops through the air toward you!
Grinder hits you but does no damage. x2
Grinder says, "There's only one good use for a tongue: cutting it out."
Grinder swoops through the air toward you!
Grinder closely misses you. Grinder barely misses you.
You barely miss Grinder. Grinder hits you.
* * * LOW HITPOINT WARNING * * *
Grinder hits you.
* * * LOW HITPOINT WARNING * * *
Grinder swoops through the air toward you!
Grinder hits you but does no damage. Grinder hits you.
* * * LOW HITPOINT WARNING * * *
Okay, then.
Grinder swoops through the air toward you!
Grinder hits you.
* * * LOW HITPOINT WARNING * * *
Grinder hits you.
* * * LOW HITPOINT WARNING * * *
You closely miss Grinder. Grinder hits you but does no damage. x2
Grinder swoops through the air toward you!
Grinder hits you.
* * * LOW HITPOINT WARNING * * *
Grinder barely misses you.
Grinder says, "Wait up."
Grinder barely misses you. Grinder hits you!
You die...

###########.#
#.#.# #.# #..
............#
#.#.# #.# #.#
############# #.#
#.# #.# #.# #.#
#.# #.# #.# #.#
#.# #.# #.#
#.###.###.#
#######.........#
#....@4.....#####
#.###########


You could see Grinder the hellwing.

Vanquished Creatures
  Terence (D:3)
  4 adders
  2 worms (D:2)
  6 ball pythons
  3 endoplasms
  4 hobgoblins
  4 jackals (D:3)
  4 kobolds
  7 quokkas
  7 bats
  2 frilled lizards
  4 goblins
  8 rats
56 creatures vanquished.

Notes
Turn   | Place    | Note
-------+----------+-------------------------------------------
     0 | Abyss:1  | Strat the Ghoul Abyssal Knight began the quest for the Orb.
     0 | Abyss:1  | Reached XP level 1. HP: 19/19 MP: 1/1
    43 | D:1      | Escaped the Abyss
   245 | D:1      | Reached XP level 2. HP: 17/26 MP: 2/2
   656 | D:1      | Reached ** piety under Lugonu
   830 | D:1      | Reached XP level 3. HP: 31/33 MP: 3/3
  1090 | D:2      | Reached skill level 4 in Fighting
  1288 | D:2      | Found a broken altar of Ashenzari.
  1314 | D:2      | Reached XP level 4. HP: 39/41 MP: 4/4
  2272 | D:3      | Noticed Terence
  2285 | D:3      | Killed Terence
  2286 | D:3      | Reached XP level 5. HP: 31/47 MP: 5/5
  2293 | D:3      | Found a faded altar of an unknown god.
  2515 | D:3      | Noticed Ijyb
  2515 | D:3      | Paralysed by Ijyb for 3 turns
  2593 | D:3      | Noticed Grinder
  2598 | D:3      | Noticed Grinder
  2598 | D:3      | Grinder changed into Grinder the hellwing
  2687 | D:3      | Slain by Grinder the hellwing

Illustrated notes

Levels and vault maps discovered:
D:1:      scummos_arrival_simple_fountains, layout_loops_cross
D:2:      wad_crossroads, layout_basic, basic_altar
D:3:      layout_basic, grunt_qazlal_sundering,
          hellmonk_ecumenical_altar_blasted, grunt_ministairs_12, uniq_grinder,
          uniq_ijyb, uniq_terence

Skill      XL: |  1  2  3 |
---------------+----------+-----
Maces & Flails | 2 3 |  3.6
Fighting       | 4 |  4.7
Armour         | |  1.7
Dodging        | |  0.8
Invocations    | |  2.0

Action                   |  1- 3 |  4- 6 || total
-------------------------+-------+-------++-------
Melee: Mace              |   116 |    83 ||   199
       Flail             |       |     4 ||     4
Throw: Dart              |       |     2 ||     2
Evoke: Wand              |       |     1 ||     1
  Use: Scroll            |       |     4 ||     4
Armor: Scale mail        |    58 |    84 ||   142
Dodge: Dodged            |    63 |    75 ||   138

Table legend: (Time is in decaauts)
 A = Elapsed time spent in this place.
 B = Non-inter-level travel time spent in this place.
 C = Inter-level travel time spent in this place.
 D = Time resting spent in this place.
 E = Time spent auto-exploring this place.
 F = Levels seen in this place.
 G = Mean time per level.
                   A        B        C        D        E       F      G
               +--------+--------+--------+--------+--------+-----+--------+
         Total |   2740 |   2649 |     91 |    101 |   1859 |   4 |  685.0 |
       Dungeon |   2697 |   2606 |     91 |    101 |   1859 |   3 |  899.0 |
         Abyss |     43 |     43 |      0 |      0 |      0 |   1 |   43.0 |
               +--------+--------+--------+--------+--------+-----+--------+

Top non-repeatable levels by time:
     D:2: 1170 daAuts
     D:1: 1060 daAuts
     D:3: 465 daAuts
 Abyss:1: 43 daAuts
